 Dungeon Crawl Stone Soup version 0.23-b1-49-g13d5857 (webtiles) character file.

Game seed: 1938065312123862107

1564 Flaz the Cleaver (level 8, 0/63 (66) HPs)
             Began as a Ghoul Fighter on Feb 3, 2019.
             Was a Believer of Okawaru.
             Slain by an orc warrior
             ... wielding a +0 mace
              (18 damage)
             ... on level 7 of the Dungeon.
             The game lasted 00:23:12 (5665 turns).

Flaz the Cleaver (Ghoul Fighter)                    Turns: 5665, Time: 00:23:13

HP:   0/63 (66)     AC:  5    Str: 22      XL:     8   Next: 89%
MP:   7/7           EV: 12    Int:  3      God:    Okawaru [**....]
Gold: 185           SH:  0    Dex:  7 (8)  Spells: 7/7 levels left

rFire    . . .     SeeInvis .   p - +2 hand axe (flame)
rCold    + + .     Gourm    .   (no shield)
rNeg     + + +     Faith    +   H - +2 leather armour {rPois}
rPois    ∞         Spirit   .   (no helmet)
rElec    .         Reflect  .   (no cloak)
rCorr    .         Harm     .   (no gloves)
MR       .....                  (no boots)
Stlth    +.........             u - amulet of faith
HPRegen  0.00/turn              j - ring of protection from cold
MPRegen  0.10/turn              (no ring)

@: rotting
A: rotting body, claws 1, carnivore, cold resistance 1, negative energy
resistance 3, inhibited regeneration, torment resistance, unbreathing
a: Heroism, Renounce Religion


You were on level 7 of the Dungeon.
You worshipped Okawaru.
Okawaru was pleased with you.
You were not hungry.

You visited 2 branches of the dungeon, and saw 8 of its levels.

You collected 185 gold pieces.

Inventory:

Hand Weapons
 a - a +0 war axe
 p - a +2 hand axe of flaming (weapon)
 B - the +6 hunting sling of Breach {velocity, +Blink rC+, unknown}
   (You found it on level 6 of the Dungeon)

   Any stone fired from it inflicts extra damage.
   It protects you from cold.
   It lets you blink.
Missiles
 e - 31 poisoned needles
 h - 4 curare-tipped needles
 s - 3 tomahawks
 z - 91 stones (quivered)
 F - 3 throwing nets
Armour
 b - a +0 scale mail
 c - a +0 shield
 n - a +0 ring mail
 H - a +2 leather armour of poison resistance (worn)
Jewellery
 j - a ring of protection from cold (left claw)
 q - a +4 ring of slaying {unknown}
 u - an amulet of faith (around neck)
 D - an uncursed ring of stealth {unknown}
Wands
 G - a wand of digging (7)
Scrolls
 g - 5 scrolls of enchant weapon
 i - 2 scrolls of identify
 v - a scroll of noise {unknown}
 y - a scroll of enchant armour {unknown}
 C - 2 scrolls of teleportation
 E - a scroll of magic mapping {unknown}
Potions
 d - a potion of might
 k - a potion of haste {unknown}
 l - 2 potions of degeneration {unknown}
 m - a potion of lignification {unknown}
 o - 4 potions of curing
 r - a potion of resistance {unknown}
 t - a potion of ambrosia {unknown}
 w - 2 potions of heal wounds {unknown}
 x - a potion of flight {unknown}
 A - a potion of cancellation {unknown}
Comestibles
 f - 13 rations
 I - a chunk of flesh


   Skills:
 - Level 4.0 Fighting
 + Level 9.1 Axes
 - Level 3.0 Armour
 - Level 3.0 Dodging
 - Level 3.1 Shields


You had 7 spell levels left.
You didn't know any spells.
Your spell library contained the following spells:

 Spells                   Type           Power        Failure   Level  Hunger
 Sticks to Snakes         Tmut           #.......     71%         2    ###....
 Beastly Appendage        Tmut           Unusable     N/A         1    N/A
 Spider Form              Tmut/Pois      Unusable     N/A         3    N/A
 Ice Form                 Ice/Tmut       Unusable     N/A         4    N/A
 Blade Hands              Tmut           Unusable     N/A         5    N/A

Dungeon Overview and Level Annotations

Branches:
Dungeon (7/15)             Temple (1/1) D:6

Altars:
Ashenzari
Cheibriados
Dithmenos
Elyvilon
Gozag
Hepliaklqana
Kikubaaqudgha
Okawaru
Qazlal
Ru
Sif Muna
Trog
Uskayaw
Wu Jian
Yredelemnul
Zin
The Shining One

Annotations:
D:3 Sigmund
D:5 Prince Ribbit


Innate Abilities, Weirdness & Mutations

Your body is rotting away.
You thrive on raw meat.
You are immune to poison.
You have sharp fingernails.
You are carnivorous and can eat meat at any time.
Your flesh is cold resistant. (rC+)
You are immune to negative energy. (rN+++)
You do not regenerate when monsters are visible.
You are immune to unholy pain and torment.
You can survive without breathing.


Message History

The orc warrior is heavily wounded.
You closely miss the orc warrior.
The orc warrior is heavily wounded.
The orc warrior misses you.
You hit the orc warrior. You burn the orc warrior.
The orc warrior is heavily wounded.
The orc warrior hits you with a +0 mace.
You closely miss the orc warrior.
The orc warrior is heavily wounded.
You hit the orc warrior. You burn the orc warrior.
The orc warrior is severely wounded.
The orc warrior closely misses you.
You hit the orc warrior. You burn the orc warrior.
The orc warrior is almost dead.
The orc warrior hits you with a +0 mace!
* * * LOW HITPOINT WARNING * * *
You completely miss the orc warrior.
The orc warrior is almost dead.
The orc warrior hits you with a +0 mace!!
You die...

##.#....# #
###.......#.
.#...........
............
#........#
#.....#
#<÷..##
#.....#
#.@..##
#....o).......
#.........>.#.
#............#
#.....##......
##..... #.....
..... .....
###... ...##


You could see an orc warrior.

Vanquished Creatures
  Eustachio (D:6)
  Menkaure (D:6)
  3 ice beasts
  3 ogres
  2 bullfrogs (D:6)
  A howler monkey (D:4)
  2 crimson imps
  3 hounds
  An orc wizard (D:4)
  2 orc priests
  A bullfrog skeleton (D:4)
  Jessica (D:2)
  A gnoll shaman (D:6)
  Terence (D:3)
  An iguana (D:5)
  4 worker ants
  5 gnolls (D:6)
  2 adders
  2 oozes
  5 worms
  3 leopard geckos
  10 orcs
  6 goblins
  10 hobgoblins
  3 jackals (D:3)
  A quokka (D:3)
  A ball python (D:3)
  A ball python skeleton (D:5)
  3 bats (D:2)
  3 frilled lizards
  4 kobolds
  5 rats
92 creatures vanquished.

Notes
Turn   | Place    | Note
-------+----------+-------------------------------------------
     0 | D:1      | Flaz the Ghoul Fighter began the quest for the Orb.
     0 | D:1      | Reached XP level 1. HP: 19/19 MP: 0/0
   131 | D:1      | Reached XP level 2. HP: 26/26 MP: 1/1
   420 | D:1      | You fall through a shaft!
   900 | D:2      | Reached skill level 2 in Axes
  1027 | D:2      | Reached XP level 3. HP: 20/33 MP: 2/2
  1244 | D:2      | Found an opulent altar of Gozag.
  1442 | D:2      | Noticed Jessica
  1445 | D:2      | Killed Jessica
  1445 | D:2      | Reached XP level 4. HP: 40/40 MP: 3/3
  1712 | D:3      | Found a shattered altar of Ashenzari.
  1724 | D:3      | Noticed Terence
  1730 | D:3      | Killed Terence
  1730 | D:3      | Reached skill level 3 in Axes
  1820 | D:3      | Reached XP level 5. HP: 19/46 MP: 4/4
  1924 | D:3      | Reached skill level 1 in Dodging
  2140 | D:3      | Found a glowing golden altar of the Shining One.
  2189 | D:3      | Noticed Sigmund
  2520 | D:4      | Reached skill level 4 in Axes
  2558 | D:4      | Reached XP level 6. HP: 44/52 MP: 5/5
  2609 | D:4      | Found a hazy altar of Hepliaklqana.
  2644 | D:5      | Entered Level 5 of the Dungeon
  3031 | D:5      | Reached skill level 5 in Axes
  3056 | D:5      | Noticed an ice beast
  3089 | D:5      | Reached XP level 7. HP: 35/58 MP: 6/6
  3106 | D:5      | Reached skill level 6 in Axes
  3250 | D:5      | Noticed Prince Ribbit
  3675 | D:6      | Noticed Menkaure
  3896 | D:5      | Found an iron altar of Okawaru.
  3902 | D:5      | Became a worshipper of Warmaster Okawaru
  4008 | D:6      | Got a scorched hunting sling
  4084 | D:6      | Reached skill level 7 in Axes
  4084 | D:6      | Reached XP level 8. HP: 16/66 MP: 7/7
  4371 | D:6      | Reached * piety under Okawaru
  4454 | D:6      | Killed Menkaure
  4454 | D:6      | Reached skill level 8 in Axes
  4647 | D:6      | Found a staircase to the Ecumenical Temple.
  4660 | Temple   | Entered the Ecumenical Temple
  5422 | D:6      | Noticed Eustachio
  5462 | D:6      | Killed Eustachio
  5462 | D:6      | Reached skill level 9 in Axes
  5634 | D:7      | Reached ** piety under Okawaru
  5665 | D:7      | Slain by an orc warrior

Skill      XL: |  1  2  3  4  5  6  7  8 |
---------------+-------------------------+-----
Shields        | 3 |  3.1
Axes           | 2 3 4 5 7 9 |  9.1
Armour         | 3 |  3.0
Fighting       | 4 |  4.0
Dodging        | 1 2 3 |  3.0

Action                   |  1- 3 |  4- 6 |  7- 9 || total
-------------------------+-------+-------+-------++-------
Melee: War axe           |    80 |       |       ||    80
       Hand axe          |    21 |   143 |   205 ||   369
Throw: Stone             |       |       |     1 ||     1
  Use: Scroll            |       |     3 |     3 ||     6
  Eat: Chunk             |    16 |    20 |    13 ||    49
Armor: Scale mail        |    40 |    46 |    27 ||   113
       Ring mail         |       |       |    49 ||    49
       Leather armour    |       |       |     2 ||     2
Dodge: Dodged            |    62 |    80 |   128 ||   270
